 Dungeon Crawl Stone Soup version 0.23.0-3-gf3c87f2 (webtiles) character file.

Game seed: 4071691214801011598

78 zishaf the Covered (level 4, 0/34 HPs)
             Began as a Human Wanderer on Feb 20, 2019.
             Slain by a goblin
             ... wielding a +0 club
             ... led by Robin
              (4 damage)
             ... on level 1 of the Dungeon.
             The game lasted 00:02:46 (1747 turns).

zishaf the Covered (Human Wanderer)                 Turns: 1747, Time: 00:02:46

Health: 0/34       AC:  5    Str: 14    XL:     4   Next: 61%
Magic:  5/5        EV: 10    Int: 15    God:
Gold:   115        SH:  0    Dex:  9    Spells: 4/5 levels left

rFire    . . .     SeeInvis .   c - +0 mace
rCold    . . .     Gourm    .   (no shield)
rNeg     . . .     Faith    .   b - +0 ring mail
rPois    .         Spirit   .   (no helmet)
rElec    .         Reflect  .   (no cloak)
rCorr    .         Harm     .   (no gloves)
MR       .....                  (no boots)
Stlth    +.........             (no amulet)
HPRegen  0.11/turn              (no ring)
MPRegen  0.09/turn              (no ring)

@: no status effects
A: no striking features
a: no special abilities


You were on level 1 of the Dungeon.
You were not hungry.

You visited 1 branch of the dungeon, and saw 2 of its levels.

You collected 115 gold pieces.

Inventory:

Hand Weapons
 c - a +0 mace (weapon)
Missiles
 g - 161 stones (quivered)
Armour
 b - a +0 ring mail (worn)
Scrolls
 f - a scroll of enchant armour {unknown}
 h - 2 scrolls of identify {unknown}
 i - a scroll of remove curse {unknown}
 j - a scroll of blinking {unknown}
 k - a scroll of immolation {unknown}
 m - a scroll of amnesia {unknown}
 p - a scroll of magic mapping {unknown}
Potions
 a - a potion of curing {unknown}
 l - a potion of mutation {unknown}
 o - 2 potions of lignification {unknown}
Comestibles
 d - a ration


   Skills:
 + Level 2.8 Fighting
 + Level 2.2 Maces & Flails
 + Level 2.9 Armour
 - Level 1.0 Stealth
 + Level 1.1 Spellcasting
 - Level 1.0 Charms
   Level 2.0 Summonings
   Level 1.0 Evocations


You had 4 spell levels left.
You knew the following spells:

 Your Spells              Type           Power        Failure   Level  Hunger
a - Infusion              Chrm           #...         32%         1    ##.....

Your spell library contained the following spells:

 Spells                   Type           Power        Failure   Level  Hunger
 Song of Slaying          Chrm           #.......     43%         2    ###....
 Shroud of Golubria       Chrm/Tloc      #.........   52%         2    ###....
 Regeneration             Chrm/Necr      #.........   75%         3    ####...
 Spectral Weapon          Hex/Chrm       #.......     75%         3    ####...


Dungeon Overview and Level Annotations

Branches:
Dungeon (2/15)

Altars:

Annotations:
D:2 Robin


Message History

The goblin barely misses you. The hobgoblin hits you.
You closely miss the goblin.
The goblin is severely wounded.
The goblin hits you with a +0 club. The hobgoblin barely misses you.
You are too injured to fight recklessly!
You are too injured to fight recklessly!
You closely miss the goblin.
The goblin is severely wounded.
The goblin barely misses you. The hobgoblin misses you.
The goblin hits you but does no damage.
Your ring mail prevents you from hitting the goblin.
The goblin is severely wounded.
The hobgoblin hits you.
* * * LOW HITPOINT WARNING * * *
The goblin hits you but does no damage. The hobgoblin hits you.
* * * LOW HITPOINT WARNING * * *
You miss the goblin.
The goblin is severely wounded.
The goblin hits you with a +0 club.
You die...

##########....##......##...
#.............##.##+####.##
#.............##.##.####...
#..........##..........#...
##########.##..........+...
################..+..........#...
........#........##..............
#######.#.######g#............#..
..............gg@+............+..
######.##..#.#####............#..
...........#.....#########....#.#
######.#...#####.# #....#.. #
#.#...#####'#### #....#.# #
#.#...#........# #....... #
#.#...#........######..#.#.. #
#.....'........'.......#....
########...#........#######.###..


You could see 2 hobgoblins and a goblin.

Vanquished Creatures
  Jessica (D:2)
  An ooze (D:1)
  A dart slug (D:1)
  A leopard gecko (D:2)
  2 bat skeletons (D:2)
  4 bat zombies (D:2)
  3 giant cockroaches
  5 goblins
  5 hobgoblins
  2 jackals (D:1)
  3 kobolds (D:1)
  A ball python (D:2)
  5 bats (D:1)
  3 frilled lizards
  5 rats
42 creatures vanquished.

Notes
Turn   | Place    | Note
-------+----------+-------------------------------------------
     0 | D:1      | zishaf the Human Wanderer began the quest for the Orb.
     0 | D:1      | zishaf set off with the following items: a +0 ring mail, a
                  | +0 mace, a ration; and the following spell memorised:
                  | Infusion; and the following spells available to memorise:
                  | Song of Slaying, Shroud of Golubria, Regeneration, Spectral
                  | Weapon
     0 | D:1      | Reached XP level 1. HP: 16/16 MP: 1/1
   244 | D:1      | Reached XP level 2. HP: 17/22 MP: 2/2
   785 | D:1      | Reached XP level 3. HP: 26/28 MP: 3/3
  1466 | D:2      | Noticed Jessica
  1476 | D:2      | Killed Jessica
  1476 | D:2      | Reached skill level 1 in Spellcasting
  1476 | D:2      | Reached XP level 4. HP: 22/34 MP: 3/5
  1575 | D:2      | Noticed Robin
  1613 | D:2      | HP: 1/34 [goblin/+0 club[Robin] (2)]
  1747 | D:1      | Slain by a goblin

Skill      XL: |  1  2  3 |
---------------+----------+-----
Maces & Flails | 2 |  2.2
Spellcasting   | 1 |  1.1
Fighting       | |  2.8
Armour         | |  2.9
Stealth        | |  1.0
Charms         | |  1.0
Summonings     | |  2.0
Evocations     | |  1.0

Action                   |  1- 3 |  4- 6 || total
-------------------------+-------+-------++-------
Melee: Mace              |   114 |    48 ||   162
  Use: Potion            |       |     2 ||     2
  Eat: Chunk             |     2 |     1 ||     3
Armor: Ring mail         |    66 |   112 ||   178
Dodge: Dodged            |    92 |   115 ||   207
